Aethelfleda, chaotic female elven Priestess --- |..-- ---- ------ |...|---- |..| --- .||..--- --..|-..---..-- --.-- |.||....| |-.|.........- ...| |.|-....---- |.......|.....| --..| |.|^.....|.. --.....----...| --...---- |.......... --...-|---.--- --.......| .........- |....||...| |........| -.--......| --...--.------ |...|....-- |...|.....--- ---....----.--------...|.....| |.|.|.......-------------- ------ ---...............[.........| |.|.........%...)........|--.--.-- |...---.---..----....u---.--| |.|-..%....-------.....-.|.....).| ---.--- --- ---- --..@..||...| |.|...%...-- |*..............%..| ---...| -----|.....|---.--- |.....-...| --.................| --...--- |...--.....-- |...| |.|.......| --..............--- |....| |...........| ---.-----.|-.....-- --.........)...| --..-- |.....---...| |...--..||.....| |..--.........- ---- ------- --..| ---.....|---..-- ------.|)...|...| |..| --..--- ---- ----..---..| ---- ---- ---- --- Aethelfleda the Adept Experience level: 6 Strength: 17 Dexterity: 11 Constitution: 15 Intelligence: 7 Wisdom: 17 Charisma: 10 Health: 0(43) Energy: 83(83) Def: 7 Gold: 517 Moves: 1920 Dungeon seed: bveASoK6FanfuAAR Game ID: Aethelfleda_1528811925 Your Inventory: Coins $ - 517 gold pieces Weapons a - a blessed +1 mace (weapon in hand) Armor e - an uncursed +0 robe (being worn) n - an uncursed +0 small shield (being worn) q - an uncursed +0 leather jacket (being worn) r - an uncursed +0 helm of brilliance (being worn) y - an uncursed +0 pair of iron shoes (being worn) Comestibles c - an uncursed clove of garlic d - 2 uncursed sprigs of wolfsbane t - an uncursed food ration Scrolls j - 2 blessed scrolls of identify l - an uncursed scroll of teleportation v - an uncursed scroll of genocide Spellbooks o - an uncursed spellbook of detect unseen Potions b - 3 potions of holy water f - an uncursed potion of confusion g - a cursed potion of monster detection i - an uncursed potion of confusion p - 2 cursed potions of hallucination u - 2 uncursed potions of extra healing w - a blessed potion of see invisible z - an uncursed potion of extra healing A - an uncursed potion of invisibility B - an uncursed potion of booze C - an uncursed potion of full healing D - 3 uncursed potions of water E - 2 uncursed potions of blindness F - 2 uncursed potions of fruit juice G - 2 uncursed potions of invisibility H - an uncursed potion of see invisible I - a potion of holy water J - a cursed potion of full healing K - an uncursed potion of levitation L - an uncursed potion of gain ability M - a cursed potion of oil Q - a cursed potion of restore ability R - an uncursed potion of sickness S - 2 uncursed potions of speed U - an uncursed potion of see invisible V - a blessed potion of healing W - an uncursed potion of healing X - a blessed potion of gain ability Z - 2 uncursed potions of restore ability Tools h - an uncursed wooden flute k - 14 uncursed tallow candles (0:200) m - 4 uncursed wax candles (0:400) x - an uncursed blindfold P - an uncursed stethoscope T - an uncursed skeleton key Spells and supernatural/magical abilities: Name Level Category Fail Memory x - extra healing 3 healing 74% 91% E - detect food 2 divination 36% 91% U - detect unseen 3 divination 78% 98% W - pray for help -- divine ? -- X - turn undead -- divine ? -- Your skills at the end: Fighting Skills Weapon Skills mace [Basic] Spellcasting Skills clerical spells [Basic] Final Attributes: You were piously aligned. You were sleep resistant. You were telepathic. You had infravision. You are dead. Vanquished creatures: a small mimic a fog cloud 4 gnome lords a floating eye 6 dwarves an orc zombie a wererat an acid blob a hobgoblin a giant rat a yellow mold 16 gnomes 2 garter snakes 2 geckos 4 jackals 2 foxes a kobold a goblin 4 lichens 2 kobold zombies a newt 54 creatures vanquished. Voluntary challenges: You used a wielded weapon 66 times, starting on turn 7. You read items or engraved 11 times, starting on turn 685. You never genocided any monsters. You never polymorphed an object. You never changed form. You used no wishes. You never split a pudding. You never wrote Elbereth's name. You never violated your personal moral code. Dungeon overview: The Dungeons of Doom: levels 1 to 4 Level 1 a long staircase Level 2 a fountain Level 3 a scroll shop, a fountain Level 4 a potion shop, an altar to Amaterasu Omikami stairs to The Gnomish Mines The Gnomish Mines: levels 5 to 6 Level 5 stairs to The Dungeons of Doom Level 6 <- You were here History has recorded: On T:1 you entered the Dungeons of Doom to retrieve the Amulet of Yendor! On T:102 you reached level 2 of The Dungeons of Doom. On T:282 you advanced to experience level 2. On T:480 you reached level 3 of The Dungeons of Doom. On T:839 you reached level 4 of The Dungeons of Doom. On T:1029 you advanced to experience level 3. On T:1271 you advanced to experience level 4. On T:1338 you reached level 1 of The Gnomish Mines. On T:1441 you advanced to experience level 5. On T:1534 you reached level 2 of The Gnomish Mines. On T:1634 you advanced to experience level 6. Score breakdown: Gold: 517 ( 9233 points) Experience: 6 levels (12456 points) Exploration: 6 levels ( 11.32%) ( 9302 points) Discoveries: 7 items ( 2.45%) ( 4693 points) Valuables value: (no points given unless you survive) Artifact value: 0 ( 0 points) Variety of kills: 21 monsters ( 5.51%) ( 7043 points) Turncount: 1920 turns ( 0 points) Survival: died (score multiplied by 80%) Total score: 34181 Latest messages: You are now wearing a pair of hard shoes. The water nymph picks up an uncursed dwarf corpse. The water nymph pretends to be friendly. (2x) You hit the water nymph! The water nymph pretends to be friendly. The water nymph stole a cursed puce potion. The white unicorn butts! The white unicorn misses. The white unicorn butts! The white unicorn kicks! You hit the white unicorn! You finish searching. (2x) The white unicorn butts! The white unicorn misses. (2x) The white unicorn kicks! You miss the white unicorn. The white unicorn butts! The white unicorn kicks! The white unicorn butts! The white unicorn kicks! The white unicorn butts! You die... Final status: Goodbye Aethelfleda the Priestess, killed by a white unicorn... You died in The Gnomish Mines on dungeon level 6 with 34181 points, and 517 pieces of gold, after 1920 moves. You were level 6 with a maximum of 43 hit points when you died.